 Dungeon Crawl Stone Soup version 0.17-a0-1939-ga475588 (webtiles) character file.

8195 dickyta the Blocker (level 11, -2/60 HPs)
             Began as a Gargoyle Fighter on Sept 29, 2015.
             Was an Elder of the Shining One.
             Slain by a red ugly thing (15 damage)
             ... on level 11 of the Dungeon.
             The game lasted 01:36:44 (10973 turns).

dickyta the Blocker (Gargoyle Fighter)             Turns: 10973, Time: 01:36:48

Health: -2/60      AC: 31    Str: 23    XL:     11   Next: 27%
Magic:  9/11       EV:  8    Int: 14    God:    the Shining One [****..]
Gold:   711        SH: 15    Dex:  9    Spells: 1 memorised, 9 levels left

rFire  . . .     SeeInvis .     B - +3 mace (protect)
rCold  . . .     Clarity  +     U - +0 plate armour of Hor Uwei {MR+ Int+5 Slay-3}
rNeg   + + +     SustAt   .     c - +3 shield
rPois  ∞         Gourm    .     O - +0 helmet
rElec  +         Spirit   .     (no cloak)
rCorr  .         Warding  .     (no gloves)
rMut   .         Stasis   .     (no boots)
MR     +++..                    E - amulet of regeneration
Stlth  ..........               L - +4 ring of protection
                                D - ring of positive energy

@: glowing, extremely resistant to hostile enchantments, extremely unstealthy
A: icy blue scales 1, clarity, frail 1, magic resistance 2, negative energy
resistance 1, electricity resistance, unbreathing, petrification resistance, rot
immunity, AC +7
a: Divine Shield, Cleansing Flame, Renounce Religion


You were on level 11 of the Dungeon.
You worshipped the Shining One.
The Shining One was greatly pleased with you.
You were not hungry.

You visited 2 branches of the dungeon, and saw 12 of its levels.

You collected 711 gold pieces.

Inventory:

Hand weapons
 f - a +0 mace
 k - a +0 shortbow
 p - a +0 hunting sling
 s - a +3 war axe
 v - a +1 flail of crushing
 B - a +3 mace of protection (weapon)
 C - a +0 morningstar
 K - a +2 flail
 M - a +2 flail
 R - a +1 spear of freezing
 Y - a +1 mace
Missiles
 l - 78 arrows (quivered)
 q - 58 stones
Armour
 c - a +3 shield (worn)
 z - a +0 chain mail
 J - a +1 hat
 O - a +0 helmet (worn)
 U - the +0 plate armour of Hor Uwei (worn) {MR+ Int+5 Slay-3}
   (You found it on level 10 of the Dungeon)

   It affects your intelligence (+5).
   It affects your accuracy and damage with ranged weapons and melee attacks
   (-3).
   It affects your resistance to hostile enchantments.
Magical staves
 t - a cursed staff of wizardry {unknown}
Jewellery
 y - an uncursed ring of magical power
 D - a ring of positive energy (left hand)
 E - an amulet of regeneration (around neck)
 H - an uncursed amulet of clarity
 L - a +4 ring of protection (right hand)
 T - an uncursed amulet of rage
Magical devices
 d - a wand of flame (48)
 A - a wand of draining (12)
 X - a wand of flame (10)
Scrolls
 a - 2 scrolls of amnesia
 b - 2 scrolls of recharging
 h - 2 scrolls of noise
 m - 2 scrolls of teleportation
 r - 3 scrolls of fog
 u - a scroll of magic mapping
 x - a scroll of enchant armour
Potions
 e - a potion of curing
 i - 4 potions of lignification
 G - a potion of haste {unknown}
 N - a potion of magic
 V - a potion of mutation
Books
 F - a book of Envenomations

   Spells                             Type                      Level
   a - Spider Form                    Transmutation/Poison         3
   b - Alistair's Intoxication        Transmutation/Poison         4
   c - Olgreb's Toxic Radiance        Poison                       4
   d - Poisonous Cloud                Conjuration/Poison/Air       6
   The Shining One disapproves of the use of such an item.
 Q - an Akashic Record

   Spells                             Type                      Level
   a - Dispersal                      Translocation                6
   b - Controlled Blink               Translocation                7
   c - Malign Gateway                 Summoning/Translocation      7
   d - Disjunction                    Translocation                8
 S - a book of Party Tricks

   Spells                             Type                      Level
   a - Summon Butterflies             Summoning                    1
   b - Apportation                    Translocation                1
   c - Tukima's Dance                 Hexes                        3
   d - Alistair's Intoxication        Transmutation/Poison         4
   e - Invisibility                   Hexes                        6
Comestibles
 g - 2 royal jellies
 j - a slice of pizza
 n - 4 beef jerkies
 o - 8 bread rations
 w - 3 meat rations
 I - 6 fruits


   Skills:
 + Level 7.3 Fighting
 + Level 2.3(5.0) Axes
 + Level 7.7(8.0) Maces & Flails
 * Level 6.8 Armour
 + Level 6.0 Dodging
 + Level 1.2 Stealth
 + Level 11.7 Shields
 + Level 0.1 Spellcasting
 + Level 0.2 Invocations


You had 9 spell levels left.
You knew the following spells:

 Your Spells              Type           Power        Failure   Level  Hunger
a - Apportation           Tloc           #.........   100%        1    ##.....


Dungeon Overview and Level Annotations

Branches:
Dungeon (11/15)            Temple (1/1) D:4             Orc (0/4) D:11
   Lair: D:8-11

Altars:
Ashenzari
Cheibriados
Dithmenos
Elyvilon
Fedhas
Gozag
Kikubaaqudgha
Nemelex Xobeh
Okawaru
Qazlal
Ru
Sif Muna
Yredelemnul
Zin
The Shining One

Shops:
D:4 }   D:5 (


Innate Abilities, Weirdness & Mutations

You are resistant to torment.
Your stone body is resilient (AC +7).
You are immune to poison.
You resist negative energy.
You are resistant to electric shocks.
You can survive without breathing.
You are immune to petrification.
You are immune to rotting.
You are partially covered in icy blue scales (AC +1).
You possess an exceptional clarity of mind.
You are frail (-10% HP).
You are highly resistant to hostile enchantments.


Message History

The red ugly thing gores you but does no damage.
You barely miss the red ugly thing.
The red ugly thing is severely wounded.
The red ugly thing barely misses you.
You sock the red ugly thing!
The red ugly thing is almost dead.
The red ugly thing gores you.
You are engulfed in flames!!
* * * LOW HITPOINT WARNING * * *
There is an open door here.
Use which ability?
Okay, then.
The worker ant waves its antennae.
The red ugly thing gores you but does no damage.
You hit the red ugly thing.
The red ugly thing is almost dead.
The worker ant bites you but does no damage.
The red ugly thing gores you.
* * * LOW HITPOINT WARNING * * *
You are engulfed in flames!
You die...

########### #######
#..@......####......
#..ua.....'(##......
#.........#..#......
#.........##.'......
#.........####......
#.........# #......
#........[# #......
#.........# #......
#####'##### ###'###


You could see a red ugly thing and a worker ant.

Vanquished Creatures
  The ghost of Sar the Fighter, an experienced OpBe of Jiyva (D:6)
  2 trolls
  A two-headed ogre (D:11)
  A shadow (D:11)
  A wraith (D:10)
  A spriggan (D:8)
  A hippogriff (D:9)
  9 yaks (D:10)
  4 ice beasts
  A phantom (D:9)
  3 sky beasts
  A necrophage (D:10)
  6 ogres
  An orc warrior (D:9)
  4 centaurs
  3 giant frogs
  Blork the orc (D:4)
  2 gnoll sergeants (D:6)
  A big kobold (D:10)
  4 scorpions
  8 killer bees
  A wyvern skeleton (D:9)
  18 wights
  4 jellies
  A giant frog zombie (D:5)
  2 crimson imps
  A quasit (D:7)
  2 giant frog skeletons
  Ijyb (D:2)
  2 centaur skeletons
  A gnoll shaman (D:6)
  7 hounds
  2 orc priests (D:8)
  8 orc wizards
  An iguana (D:4)
  5 worker ants
  A hound skeleton (D:8)
  5 gnolls (D:6)
  2 worker ant zombies
  9 adders
  3 shadow imps
  2 worms
  3 giant geckos
  30 orcs
  A ball python (D:1)
  7 bats
  5 giant cockroaches
  2 gnoll zombies (D:3)
  16 hobgoblins
  29 jackals
  2 quokkas
  A giant gecko skeleton (D:4)
  5 giant newts
  18 goblins
  A goblin skeleton (D:7)
  6 hobgoblin zombies (D:7)
  16 kobolds
  3 orc skeletons (D:7)
  2 orc zombies (D:7)
  A quokka skeleton (D:9)
  5 rats
287 creatures vanquished.

Notes
Turn   | Place    | Note
--------------------------------------------------------------
     0 | D:1      | dickyta the Gargoyle Fighter began the quest for the Orb.
     0 | D:1      | Reached XP level 1. HP: 14/14 MP: 1/1
    60 | D:1      | Reached XP level 2. HP: 2/19 MP: 2/2
  1000 | D:1      | Reached skill level 1 in Dodging
  1033 | D:1      | Reached XP level 3. HP: 21/23 MP: 3/3
  1620 | D:2      | Reached XP level 4. HP: 23/28 MP: 4/4
  1641 | D:2      | Reached skill level 4 in Shields
  1740 | D:2      | Noticed Ijyb
  1762 | D:2      | Killed Ijyb
  2188 | D:2      | Reached XP level 5. HP: 29/32 MP: 5/5
  2285 | D:3      | Gained mutation: You are resistant to hostile enchantments. [potion of beneficial mutation]
  2357 | D:2      | Gained mutation: You have an increased reservoir of magic (+10% MP). [potion of beneficial mutation]
  2694 | D:2      | Gained mutation: You are partially covered in icy blue scales (AC +1). [potion of mutation]
  2694 | D:2      | Gained mutation: You occasionally shout uncontrollably at your foes. [potion of mutation]
  2695 | D:2      | Gained mutation: Your spells are a little harder to cast, but a little more powerful. [potion of mutation]
  2695 | D:2      | Gained mutation: You are highly resistant to hostile enchantments. [potion of mutation]
  2701 | D:2      | Lost mutation: You have an increased reservoir of magic (+10% MP). [potion of cure mutation]
  2701 | D:2      | Lost mutation: You occasionally shout uncontrollably at your foes. [potion of cure mutation]
  2701 | D:2      | Lost mutation: Your spells are a little harder to cast, but a little more powerful. [potion of cure mutation]
  2932 | D:3      | Found a deep blue altar of Sif Muna.
  3349 | D:3      | Found an iron altar of Okawaru.
  3576 | D:3      | Found a basalt altar of Yredelemnul.
  3887 | D:4      | Reached XP level 6. HP: 36/38 MP: 6/6
  4064 | D:4      | Found a shattered altar of Ashenzari.
  4132 | D:4      | Found Homapt's Gadget Shop.
  4262 | D:4      | Found a sacrificial altar of Ru.
  4264 | D:4      | Noticed Blork the orc
  4285 | D:4      | Killed Blork the orc
  4285 | D:4      | Reached skill level 5 in Shields
  4295 | D:4      | Became a worshipper of Ru the Awakened
  4385 | D:4      | Found a staircase to the Ecumenical Temple.
  4397 | Temple   | Entered the Ecumenical Temple
  4454 | Temple   | Fell from the grace of Ru
  4454 | Temple   | Became a worshipper of the Shining One
  4607 | D:4      | Reached XP level 7. HP: 39/43 MP: 7/7
  4798 | D:5      | Entered Level 5 of the Dungeon
  5110 | D:5      | Found Utaneid's Antique Weapon Emporium.
  5988 | D:6      | Acquired the Shining One's first power
  6088 | D:6      | Reached skill level 6 in Shields
  6100 | D:6      | Reached XP level 8. HP: 48/48 MP: 8/8
  6164 | D:6      | Reached skill level 5 in Armour
  6211 | D:6      | Reached skill level 5 in Fighting
  6244 | D:6      | Learned a level 1 spell: Apportation
  6276 | D:6      | Reached skill level 7 in Shields
  6723 | D:6      | Reached XP level 9. HP: 47/54 MP: 9/9
  6734 | D:6      | Reached skill level 5 in Maces & Flails
  6781 | D:6      | Noticed Sar's ghost (experienced OpBe)
  6793 | D:6      | Reached skill level 8 in Shields
  6817 | D:6      | Killed Sar's ghost
  7340 | D:7      | Found a snail-covered altar of Cheibriados.
  7352 | D:7      | Found a glowing silver altar of Zin.
  7403 | D:7      | Reached skill level 5 in Dodging
  7487 | D:7      | Found a stormy altar of Qazlal.
  7664 | D:7      | Acquired the Shining One's second power
  7698 | D:7      | Reached skill level 1 in Stealth
  7712 | D:7      | Gained mutation: You are frail (-10% HP). [mutagenic meat]
  7713 | D:7      | Gained mutation: You possess an exceptional clarity of mind. [mutagenic meat]
  7848 | D:7      | Found a glowing golden altar of the Shining One.
  7985 | D:8      | Reached skill level 9 in Shields
  8041 | D:8      | Reached XP level 10. HP: 46/54 MP: 10/10
  8194 | D:8      | Found a sparkling altar of Nemelex Xobeh.
  8578 | D:9      | Reached skill level 10 in Shields
  8850 | D:9      | Acquired the Shining One's third power
  9131 | D:10     | Entered Level 10 of the Dungeon
  9258 | D:10     | Found a blossoming altar of Fedhas.
  9348 | D:10     | Got a dazzling plate armour
  9359 | D:10     | Identified the cursed +0 plate armour of Hor Uwei {MR+ Int+5 Slay-3} (You found it on level 10 of the Dungeon)
  9497 | D:10     | Reached skill level 11 in Shields
  9517 | D:10     | Reached skill level 1 in Axes
  9526 | D:10     | Reached XP level 11. HP: 32/60 MP: 11/11
  9683 | D:10     | Learned a level 1 spell: Apportation
 10454 | D:11     | Found a staircase to the Orcish Mines.
 10501 | D:11     | Found a shadowy altar of Dithmenos.
 10562 | D:11     | Found a glowing silver altar of Zin.
 10973 | D:11     | Slain by a red ugly thing

Vault maps used:
D:1:      dpeg_arrival_simpleton_b, serial_glass, glass_columns_c,
          glass_columns_a, glass_columns_a, glass_columns_a, glass_columns_a,
          glass_columns_a
D:2:      kennysheep_goblin_castle, minmay_close_crescents
D:3:      nicolae_overflow_hidden_temple, okawaru_ov_weapons_minmay,
          lemuel_zombie_altar_yredelemnul, first_bread, uniq_iyjb
D:4:      nicolae_overflow_crystal_walls, hangedman_ru_absence,
          minmay_temple_entry_glassed_door, serial_shops, shop,
          uniq_blork_the_orc
D:5:      lemuel_coloured_pillars_altar, serial_shops, nicolae_shop_waterfront
D:6:      kennysheep_housing_project
D:7:      gammafunk_temple_overflow_forgotten, nicolae_tso_besieged_by_evil
D:8:      fedhas_altar_fruit_tree, kennysheep_mini_moat, lair_0_dummy,
          the_bakery
D:10:     david_defended_altar_elf
D:11:     orc_0_dummy, basic_altar, lemuel_centaur_altar
Temple:   minmay_temple_curvy_8

Action                   |  1- 3 |  4- 6 |  7- 9 | 10-12 || total
-------------------------+-------+-------+-------+-------++-------
Melee: Flail             |   142 |    92 |       |       ||   234
       Mace              |       |   157 |   507 |   447 ||  1111
       War axe           |       |       |       |   107 ||   107
Throw: Stone             |       |       |     3 |       ||     3
Invok: Divine Shield     |       |       |       |     2 ||     2
       Cleansing Flame   |       |       |       |     2 ||     2
 Abil: Evoke Berserk Rag |       |       |       |     1 ||     1
Evoke: Phantom mirror    |       |       |       |     1 ||     1
  Use: Scroll            |     2 |     4 |    11 |    11 ||    28
       Potion            |       |    12 |     5 |       ||    17
  Eat: Bread ration      |     1 |     1 |     1 |     2 ||     5
       Chunk             |       |     2 |     8 |     4 ||    14
       Pizza             |       |     1 |     1 |       ||     2
       Beef jerky        |       |       |     1 |     1 ||     2
